[Event "International chess holiday K21"]
[Site "?"]
[Date "2018.07.26"]
[Round "7"]
[White "Thomasson, Staffan"]
[Black "Krnak, Vit"]
[Result "1/2-1/2"]
[ECO "A16"]
[WhiteElo "1868"]
[BlackElo "1705"]
[Annotator "Koller,Martin"]
[PlyCount "71"]
[TimeControl "240+2"]

{279MB} 1. c4 Nf6 2. Nc3 g6 3. g3 Bg7 4. Bg2 O-O 5. e3 d6 6. Nge2 Nc6 7. O-O a6
8. Rb1 Rb8 9. b4 Ne5 10. d3 b5 11. f4 Neg4 12. cxb5 h5 13. Nd4 Rb6 14. h3 Nh6
15. Na4 axb5 16. Nxb6 cxb6 17. Bb2 Bd7 18. e4 e6 19. Nf3 Qe7 20. Ng5 e5 21. d4
exf4 22. gxf4 Rc8 23. Rc1 Rc4 24. Rxc4 bxc4 25. a4 Ne8 26. b5 f6 27. Nf3 Qxe4
28. Re1 Qb7 29. Ne5 Qc8 30. Nxd7 Qxd7 31. Qe2 Nc7 32. Qxc4+ d5 33. Qc6 Qf7 34.
Rc1 Qe6 35. Qxe6+ Nxe6 36. Bxd5 *

[Event "International chess holiday K21"]
[Site "?"]
[Date "2018.07.26"]
[Round "7"]
[White "Schoenmakers, Nico"]
[Black "Pacovsky, Ota"]
[Result "1-0"]
[ECO "B06"]
[WhiteElo "1782"]
[BlackElo "1743"]
[Annotator "Koller,Martin"]
[PlyCount "38"]
[TimeControl "240+2"]

{279MB} 1. e4 d6 2. f4 g6 3. Nf3 Bg7 4. d4 c5 5. c3 a6 6. a4 cxd4 7. cxd4 Nf6
8. Nc3 O-O 9. Be2 Nc6 10. h3 Bd7 11. Be3 Qa5 12. O-O Nh5 13. Kh2 e5 14. dxe5
dxe5 15. Qxd7 exf4 16. Bf2 Rad8 17. Qxb7 Rd6 18. Rfd1 Nd8 19. Qb3 Rb6 1-0

[Event "International chess holiday K21"]
[Site "?"]
[Date "2018.07.26"]
[Round "7"]
[White "Koper, Stefan"]
[Black "Docekalova, Alexandra"]
[Result "1-0"]
[ECO "A80"]
[WhiteElo "1830"]
[BlackElo "1893"]
[Annotator "Koller,Martin"]
[PlyCount "59"]
[TimeControl "240+2"]

{279MB} 1. d4 f5 2. h3 Nf6 3. g4 fxg4 4. hxg4 Nxg4 5. Qd3 Nh6 6. Bxh6 gxh6 7.
Qf5 Bg7 8. Nf3 e6 9. Qh5+ Ke7 10. Qh4+ Ke8 11. Qh5+ Ke7 12. Nbd2 d6 13. O-O-O
Qe8 14. Qh4+ Kd7 15. e4 c6 16. d5 Kc7 17. Nc4 cxd5 18. exd5 e5 19. Na3 a6 20.
Qc4+ Kd8 21. Qb4 Qe7 22. Nc4 Nd7 23. Qxd6 Qxd6 24. Nxd6 Ke7 25. Nxc8+ Raxc8 26.
Bh3 Rc4 27. Rhe1 Kd6 28. Bxd7 Rf4 29. Rg1 Bf6 30. Bg4 1-0

[Event "International chess holiday K21"]
[Site "?"]
[Date "2018.07.26"]
[Round "7"]
[White "Kalvach, Ladislav"]
[Black "Kasparova, Tatiana"]
[Result "0-1"]
[ECO "C41"]
[WhiteElo "1805"]
[BlackElo "2090"]
[Annotator "Koller,Martin"]
[PlyCount "94"]
[TimeControl "240+2"]

{279MB} 1. e4 d6 2. d4 Nf6 3. Nc3 e5 4. Bc4 Be7 5. Nf3 Nbd7 6. Ng5 O-O 7. Bxf7+
Rxf7 8. Ne6 Qe8 9. Nxc7 Qd8 10. Nxa8 b6 11. dxe5 Nxe5 12. Bf4 Bb7 13. Bxe5 dxe5
14. Qxd8+ Bxd8 15. Rd1 Rf8 16. Rxd8 Rxd8 17. Nc7 Nxe4 18. N7b5 Nxc3 19. Nxc3
Bxg2 20. Rg1 Bc6 21. Rg5 Re8 22. Rf5 Re6 23. Ke2 h6 24. Rh5 Kf7 25. Ke3 g5 26.
Rh3 Kg6 27. Rg3 Kf5 28. f3 Rd6 29. Rh3 Kg6 30. Rg3 Rd4 31. Rg4 Rf4 32. Rxf4
exf4+ 33. Kf2 Kf5 34. Ne2 Ke5 35. c3 h5 36. h3 Bd7 37. Kg2 a5 38. Nd4 Kd5 39.
b3 b5 40. Ne2 h4 41. a3 a4 42. c4+ Kc5 43. cxb5 axb3 44. b6 Kxb6 45. Nc3 Ka5
46. Kf2 Bxh3 47. Ke2 Bf5 0-1

[Event "International chess holiday K21"]
[Site "?"]
[Date "2018.07.26"]
[Round "7"]
[White "Sniegon, Adam"]
[Black "Willockx, Ritsaart"]
[Result "1-0"]
[ECO "A42"]
[WhiteElo "1817"]
[BlackElo "1938"]
[Annotator "Koller,Martin"]
[PlyCount "68"]
[TimeControl "240+2"]

{279MB} 1. d4 g6 2. c4 Bg7 3. Nc3 d6 4. e4 Nc6 5. d5 Nd4 6. Be3 c5 7. Nge2 Nxe2
8. Bxe2 Nf6 9. h3 O-O 10. Qd2 Bd7 11. g4 a6 12. g5 Ne8 13. h4 b5 14. h5 bxc4
15. f4 Nc7 16. hxg6 fxg6 17. Bxc4 Bb5 18. Bxb5 Nxb5 19. Nxb5 axb5 20. Qh2 Kf7
21. Qh3 Qc8 22. f5 Rh8 23. Kd2 Ke8 24. Kc2 Ra4 25. Qf3 Be5 26. Bf4 Bxf4 27.
Qxf4 gxf5 28. Qxf5 Qxf5 29. exf5 Rf4 30. Raf1 Rxf1 31. Rxf1 Rg8 32. Rg1 Rf8 33.
g6 hxg6 34. fxg6 Rg8 neèitelné 1-0

[Event "International chess holiday K22"]
[Site "?"]
[Date "2018.07.26"]
[Round "7"]
[White "Hammerman, Christian"]
[Black "Hadzala, Daniel"]
[Result "1/2-1/2"]
[ECO "A05"]
[WhiteElo "1813"]
[BlackElo "2104"]
[Annotator "Koller,Martin"]
[PlyCount "39"]
[TimeControl "240+2"]

{279MB} 1. Nf3 Nf6 2. g3 d6 3. Bg2 e5 4. d3 Be7 5. O-O Nbd7 6. e4 c6 7. Nbd2
Qc7 8. a4 Rb8 9. Re1 b6 10. Nf1 h5 11. h4 a6 12. c3 b5 13. axb5 axb5 14. d4 Ng4
15. Ne3 Ndf6 16. Nxg4 hxg4 17. Nh2 Be6 18. Bg5 b4 19. Bxf6 Bxf6 20. d5 1/2-1/2

[Event "International chess holiday K22"]
[Site "?"]
[Date "2018.07.26"]
[Round "7"]
[White "Ekberg, Karl"]
[Black "Ruzicka, Vaclav"]
[Result "1-0"]
[ECO "A80"]
[WhiteElo "1838"]
[BlackElo "1609"]
[Annotator "Koller,Martin"]
[PlyCount "75"]
[TimeControl "240+2"]

{279MB} 1. d4 f5 2. Bg5 g6 3. c4 Bg7 4. e3 c5 5. Nc3 cxd4 6. exd4 Qb6 7. Nd5
Qd8 8. Nf3 Nf6 9. Bxf6 Bxf6 10. Nxf6+ exf6 11. Be2 Qa5+ 12. Qd2 Qxd2+ 13. Kxd2
Nc6 14. Rhe1 Kf7 15. c5 Kg7 16. Bc4 d6 17. Kc3 Bd7 18. Re2 Rhe8 19. Rae1 Rxe2
20. Rxe2 dxc5 21. dxc5 Re8 22. Rd2 Re7 23. Bd5 Kf8 24. b4 a6 25. a4 Ke8 26. b5
axb5 27. axb5 Nd8 28. Kb4 Be6 29. Bxe6 Nxe6 30. c6 bxc6 31. bxc6 Nd8 32. Kb5
Ne6 33. Kb6 g5 34. Nd4 Nc7 35. Nxf5 Na8+ 36. Ka6 Nc7+ 37. Kb7 Ne6+ 38. Nxe7 1-0

[Event "International chess holiday K22"]
[Site "?"]
[Date "2018.07.26"]
[Round "7"]
[White "Van Den Eede, Gerrit"]
[Black "Pribyl, Jaroslav"]
[Result "1/2-1/2"]
[ECO "B22"]
[WhiteElo "1826"]
[BlackElo "1927"]
[Annotator "Koller,Martin"]
[PlyCount "81"]
[TimeControl "240+2"]

{279MB} 1. e4 c5 2. c3 Nf6 3. e5 Nd5 4. Nf3 Nc6 5. Bc4 Nb6 6. Bb3 d6 7. exd6
Qxd6 8. d4 cxd4 9. cxd4 Be6 10. Bxe6 Qxe6+ 11. Be3 g6 12. O-O Bg7 13. Nc3 Rd8
14. Re1 Qd7 15. Qb3 O-O 16. Rad1 Na5 17. Qb4 Nac4 18. Bg5 Bf6 19. Bxf6 exf6 20.
Re7 a5 21. Rxd7 axb4 22. Rxd8 Rxd8 23. Ne4 f5 24. Nc5 Nxb2 25. Rb1 N6c4 26.
Nxb7 Rd5 27. Nc5 f6 28. Nb3 g5 29. Ne1 Kg7 30. Nc2 Rb5 31. Ne3 Nxe3 32. fxe3
Na4 33. Nc1 Nc3 34. Rb2 Nd5 35. Kf2 Nc3 36. Ke1 Kf7 37. Nd3 Nd5 38. Kd2 Ra5 39.
g3 h5 40. Nc1 Ra3 41. Nd3 1/2-1/2

[Event "International chess holiday K22"]
[Site "?"]
[Date "2018.07.26"]
[Round "7"]
[White "Suchy, Ladislav"]
[Black "Sittinger, Lutz"]
[Result "1/2-1/2"]
[ECO "A00"]
[WhiteElo "1832"]
[BlackElo "1900"]
[Annotator "Koller,Martin"]
[PlyCount "95"]
[TimeControl "240+2"]

{279MB} 1. Nc3 d5 2. e4 d4 3. Nce2 e5 4. Ng3 Be6 5. Nf3 Nc6 6. Bb5 Bd6 7. Qe2
Nge7 8. Ng5 Qd7 9. Nxe6 Qxe6 10. d3 h6 11. Bd2 a6 12. Bc4 Qg6 13. O-O O-O 14.
h4 b5 15. h5 Qf6 16. Bb3 a5 17. a4 b4 18. Qg4 Nd8 19. f4 Ne6 20. f5 Ng5 21. Nh1
c5 22. Nf2 Nc6 23. Nh3 Nxh3+ 24. Qxh3 Be7 25. g3 Kh7 26. Kf2 Qd6 27. Ke2 Qd8
28. f6 gxf6 29. Qf5+ Kg7 30. Qg4+ Kh7 31. Bxf7 Rxf7 32. Qg6+ Kh8 33. Qxf7 Qg8
34. Qxg8+ Rxg8 35. Rg1 Kh7 36. Raf1 Nd8 37. c3 Ne6 38. cxb4 cxb4 39. Rc1 Nc5
40. Rc4 Rg7 41. g4 Nxa4 42. Bc1 Nc5 43. Kd2 Nb3+ 44. Kc2 Na1+ 45. Kb1 Nb3 46.
Ka2 Nc5 47. Rg3 Bd6 48. b3 1/2-1/2

[Event "International chess holiday K22"]
[Site "?"]
[Date "2018.07.26"]
[Round "7"]
[White "Hager, Eberhard"]
[Black "Plesnivy, Jan"]
[Result "0-1"]
[ECO "B40"]
[WhiteElo "1800"]
[BlackElo "1716"]
[Annotator "Koller,Martin"]
[PlyCount "32"]
[TimeControl "240+2"]

{279MB} 1. e4 c5 2. Nf3 e6 3. Nc3 Nc6 4. Be2 d5 5. exd5 exd5 6. d4 Nf6 7. O-O
Bg4 8. dxc5 Bxc5 9. Bg5 Be6 10. Nb5 Qb6 11. c3 Ne4 12. Bh4 a6 13. Nbd4 Qxb2 14.
Bd3 Nxc3 15. Qc2 Qxc2 16. Bxc2 Be7 neèitelné 0-1

[Event "International chess holiday M21"]
[Site "?"]
[Date "2018.07.26"]
[Round "8"]
[White "Dudek, Vojtech"]
[Black "Hurtak, Otto"]
[Result "1/2-1/2"]
[ECO "D02"]
[WhiteElo "1905"]
[BlackElo "1982"]
[Annotator "Koller,Martin"]
[PlyCount "25"]
[TimeControl "240+2"]

{279MB} 1. d4 d5 2. Bf4 Nf6 3. e3 e6 4. Nd2 c5 5. c3 Nc6 6. Ngf3 Bd6 7. Bg3 O-O
8. Bd3 b6 9. Ne5 Bb7 10. f4 Ne7 11. Ndf3 Nf5 12. Bf2 Be7 13. O-O 1/2-1/2

[Event "International chess holiday M21"]
[Site "?"]
[Date "2018.07.26"]
[Round "8"]
[White "Vorisek, Jakub"]
[Black "Sedlacek, Tomas"]
[Result "1/2-1/2"]
[ECO "C04"]
[WhiteElo "2129"]
[BlackElo "2033"]
[Annotator "Koller,Martin"]
[PlyCount "34"]
[TimeControl "240+2"]

{279MB} 1. e4 e6 2. d4 d5 3. Nd2 Nc6 4. c3 Nf6 5. e5 Nd7 6. Bd3 b6 7. Ne2 a5 8.
O-O Ba6 9. Bb1 Ne7 10. f4 Nf5 11. Nf3 h5 12. Ng5 g6 13. g3 c5 14. Re1 Bxe2 15.
Rxe2 cxd4 16. cxd4 Nxd4 17. Re1 Rc8 1/2-1/2

[Event "International chess holiday M21"]
[Site "?"]
[Date "2018.07.26"]
[Round "8"]
[White "Kasparov, Sergey"]
[Black "Kures, Michael"]
[Result "1-0"]
[ECO "B31"]
[WhiteElo "2449"]
[BlackElo "1982"]
[Annotator "Koller,Martin"]
[PlyCount "77"]
[TimeControl "240+2"]

{279MB} 1. e4 c5 2. Nf3 Nc6 3. Bb5 g6 4. Bxc6 dxc6 5. d3 Bg7 6. h3 Nf6 7. Nc3
Nd7 8. Be3 b6 9. Qd2 O-O 10. Bh6 Qc7 11. O-O-O e5 12. h4 Nf6 13. Bxg7 Kxg7 14.
h5 Nxh5 15. Rxh5 gxh5 16. Qg5+ Kh8 17. Qf6+ Kg8 18. Ng5 Rd8 19. Nxf7 Qxf7 20.
Qxd8+ Qf8 21. Qxf8+ Kxf8 22. Rh1 Be6 23. Rxh5 Kg7 24. Rxe5 Kf6 25. Rh5 Rg8 26.
Rh6+ Rg6 27. Rxg6+ hxg6 28. Kd2 Ke5 29. Ke3 g5 30. f3 b5 31. a3 a5 32. g3 Kd6
33. Nb1 b4 34. Nd2 a4 35. f4 b3 36. cxb3 gxf4+ 37. gxf4 axb3 38. f5 Bf7 39.
Nc4+ 1-0

[Event "International chess holiday M21"]
[Site "?"]
[Date "2018.07.26"]
[Round "8"]
[White "Morling, Joakim"]
[Black "Michálek, Frantisek"]
[Result "1-0"]
[ECO "D36"]
[WhiteElo "2040"]
[BlackElo "2023"]
[Annotator "Koller,Martin"]
[PlyCount "87"]
[TimeControl "240+2"]

{279MB} 1. d4 d5 2. c4 e6 3. Nc3 Nf6 4. cxd5 exd5 5. Bg5 Be7 6. e3 O-O 7. Bd3
c6 8. Qc2 Nbd7 9. Nge2 Re8 10. O-O Nf8 11. Rad1 Ne4 12. Bxe7 Qxe7 13. Bxe4 dxe4
14. Ng3 f5 15. d5 Qf7 16. dxc6 bxc6 17. Qa4 Be6 18. b3 Nd7 19. Nce2 Ne5 20. Nf4
Bd7 21. Rd2 g5 22. Nfe2 h5 23. Nc3 h4 24. Ngxe4 fxe4 25. Nxe4 h3 26. f4 Rf8 27.
Nxg5 Qe7 28. Qe4 Rf5 29. gxh3 Rxg5+ 30. fxg5 Bxh3 31. Rf6 Rf8 32. Rdf2 Rxf6 33.
Rxf6 Qd7 34. Qd4 Qe7 35. Qd6 Qxd6 36. Rxd6 Kf7 37. Kf2 Ke7 38. Rd4 Bc8 39. Kg3
c5 40. Ra4 a6 41. h4 Ke6 42. Rf4 Nd3 43. Rf6+ Ke5 44. h5 1-0

[Event "International chess holiday M21"]
[Site "?"]
[Date "2018.07.26"]
[Round "8"]
[White "Philipp, Mathias"]
[Black "Lokander, Martin"]
[Result "0-1"]
[ECO "B10"]
[WhiteElo "2073"]
[BlackElo "2386"]
[Annotator "Koller,Martin"]
[PlyCount "172"]
[TimeControl "240+2"]

{279MB} 1. e4 c6 2. Ne2 Qa5 3. Nbc3 Nf6 4. g3 e5 5. Bg2 d5 6. d4 dxe4 7. dxe5
Qxe5 8. Bf4 Qa5 9. O-O Bf5 10. Nd4 Bg6 11. Re1 Bb4 12. Nb3 Qb6 13. Bd6 Bxd6 14.
Qxd6 Nbd7 15. Nxe4 Nxe4 16. Bxe4 O-O-O 17. Bxg6 hxg6 18. Qd4 Qxd4 19. Nxd4 Nf6
20. Rad1 Rhe8 21. Nf3 Rxd1 22. Rxd1 Nd5 23. Rd2 f6 24. Kg2 g5 25. c4 Nc7 26. h3
a5 27. b3 Ne6 28. h4 gxh4 29. Nxh4 Kc7 30. Nf5 g6 31. Nh4 g5 32. Nf5 Nc5 33.
Ne3 b6 34. Kf3 Ne4 35. Rd3 Nc5 36. Rd2 Ne4 37. Rd3 Nd6 38. Rd2 f5 39. Rd1 Rh8
40. Kg2 Re8 41. Kf3 Rh8 42. Kg2 Rf8 43. Kf3 Re8 44. a3 Rf8 45. Rd3 f4 46. Ng4
fxg3+ 47. Kxg3 a4 48. bxa4 Ne4+ 49. Kg2 Rf4 50. f3 Nc5 51. Rc3 Nxa4 52. Rc2 Kd6
53. Kf2 Kc5 54. Ne3 Kd4 55. Rd2+ Kc5 56. Rc2 Rf6 57. Ng4 Re6 58. Kg3 Kd4 59.
Nf2 Nc3 60. Kg4 Re5 61. Rb2 Na4 62. Rc2 Nc5 63. Rb2 Na4 64. Rc2 Re3 65. Nh3
Rxa3 66. Nxg5 Rc3 67. Rd2+ Kxc4 68. f4 Rd3 69. Rc2+ Kd5 70. f5 Rd4+ 71. Kh5 Rf4
72. Kg6 Nc5 73. f6 Nd7 74. Rd2+ Rd4 75. Rb2 b5 76. f7 b4 77. Kf5 c5 78. Ne6 Rd1
79. Nf4+ Kc4 80. Rc2+ Kb5 81. Ne6 b3 82. Rc3 c4 83. Nc7+ Kb4 84. Rf3 b2 85.
Na6+ Kb5 86. Nc7+ Kc6 0-1

[Event "International chess holiday K21"]
[Site "?"]
[Date "2018.07.26"]
[Round "8"]
[White "Krnak, Vladimir"]
[Black "Pacovsky, Ota"]
[Result "0-1"]
[ECO "A41"]
[WhiteElo "1705"]
[BlackElo "1743"]
[Annotator "Koller,Martin"]
[PlyCount "60"]
[TimeControl "240+2"]

{279MB} 1. d4 Nc6 2. Nf3 d6 3. b3 g6 4. Bb2 Bg7 5. Nbd2 Nf6 6. h3 O-O 7. c4 Nd7
8. e3 a5 9. a3 e5 10. d5 Ne7 11. e4 c6 12. Rc1 Bh6 13. Rb1 f5 14. Be2 Nc5 15.
exf5 Bxf5 16. Ra1 Nd3+ 17. Bxd3 Bxd3 18. dxc6 bxc6 19. Nb1 e4 20. Nd4 Qb6 21.
g4 d5 22. Nd2 c5 23. Nb5 d4 24. b4 Qf6 25. Rh2 Qf4 26. Rg2 axb4 27. axb4 Rxa1
28. Bxa1 e3 29. fxe3 Qxe3+ 30. Re2 Qg1+ 0-1

[Event "International chess holiday K21"]
[Site "?"]
[Date "2018.07.27"]
[Round "8"]
[White "Thomasson, Staffan"]
[Black "Koper, Stefan"]
[Result "0-1"]
[ECO "B12"]
[WhiteElo "1868"]
[BlackElo "1830"]
[Annotator "Koller,Martin"]
[PlyCount "80"]
[TimeControl "240+2"]

{279MB} 1. d4 c6 2. e4 Na6 3. Nf3 d5 4. exd5 cxd5 5. c4 Nc7 6. Bf4 e6 7. Nc3
Nf6 8. Rc1 dxc4 9. Bxc4 Ncd5 10. Bg5 Nxc3 11. Rxc3 Be7 12. O-O O-O 13. Ne5 Nd5
14. Bxd5 Bxg5 15. Be4 Rb8 16. Rh3 g6 17. f4 Bf6 18. Rff3 Bxe5 19. fxe5 f5 20.
Bc2 b5 21. Bb3 Qb6 22. Kh1 Bb7 23. d5 Bxd5 24. Bxd5 Rbd8 25. Rd3 exd5 26. Rxd5
Rxd5 27. Qxd5+ Kh8 28. Qd7 h5 29. Rd3 Qf2 30. Rd1 Qxb2 31. Qd6 Ra8 32. e6 Kh7
33. e7 Qe2 34. Qd7 Re8 35. h3 Rxe7 36. Qd5 b4 37. Qb3 a5 38. Rd8 Qf1+ 39. Kh2
Qf4+ 40. Kg1 Re1# 0-1

[Event "International chess holiday K21"]
[Site "?"]
[Date "2018.07.26"]
[Round "8"]
[White "Docekalova, Alexandra"]
[Black "Sniegon, Adam"]
[Result "1-0"]
[ECO "B13"]
[WhiteElo "1893"]
[BlackElo "1817"]
[Annotator "Koller,Martin"]
[PlyCount "81"]
[TimeControl "240+2"]

{279MB} 1. e4 c6 2. d4 d5 3. exd5 cxd5 4. Bd3 Nc6 5. c3 Qc7 6. Nd2 Nf6 7. h3 e6
8. Ngf3 Be7 9. O-O a5 10. Re1 b6 11. Qe2 O-O 12. Ne5 Nxe5 13. dxe5 Nd7 14. Nb3
Nc5 15. Nxc5 bxc5 16. Qh5 g6 17. Qg4 Re8 18. h4 Bf8 19. h5 Bg7 20. Bf4 Rb8 21.
Rab1 d4 22. cxd4 cxd4 23. hxg6 fxg6 24. Rec1 Qa7 25. Rc6 Rb6 26. Rbc1 Rxc6 27.
Rxc6 Qb7 28. Rc5 Qb6 29. Rc2 Ba6 30. Qe2 Bxd3 31. Qxd3 Rd8 32. Bg3 Bh6 33. Bh4
Rd7 34. Rc8+ Kg7 35. Qf3 Bf4 36. Qxf4 Rf7 37. Bf6+ Rxf6 38. exf6+ Kf7 39. Rc7+
Kf8 40. Qh6+ Kg8 41. Qg7# 1-0

[Event "International chess holiday K21"]
[Site "?"]
[Date "2018.07.27"]
[Round "8"]
[White "Kasparova, Tatiana"]
[Black "Schoenmakers, Nico"]
[Result "1-0"]
[ECO "C65"]
[WhiteElo "2090"]
[BlackElo "1782"]
[Annotator "Koller,Martin"]
[PlyCount "101"]
[TimeControl "240+2"]

{279MB} 1. e4 e5 2. Nf3 Nc6 3. Bb5 Nf6 4. d3 d6 5. O-O Bd7 6. c3 Be7 7. Re1 a6
8. Ba4 b5 9. Bc2 O-O 10. Nbd2 Re8 11. Nf1 Nb8 12. d4 exd4 13. cxd4 Bg4 14. h3
Bh5 15. Ng3 Bg6 16. Nh4 Nfd7 17. Nxg6 hxg6 18. Qf3 Nf8 19. Bb3 Ne6 20. Bxe6
fxe6 21. Qg4 Kh7 22. Be3 e5 23. dxe5 dxe5 24. Red1 Qc8 25. Rac1 Qxg4 26. hxg4
Bd6 27. Bc5 Bxc5 28. Rxc5 c6 29. Nf1 Ra7 30. Nh2 Rae7 31. Nf3 Kh6 32. Kf1 Re6
33. Ke2 g5 34. Rh1+ Kg6 35. Rh5 Nd7 36. Rxg5+ Kf7 37. Rc1 c5 38. Rh5 Ke7 39.
Rh7 Rg6 40. g5 Rg8 41. Rd1 Re6 42. Rd5 c4 43. Kd2 Rd6 44. Rxd6 Kxd6 45. Nh4 Nc5
46. Nf5+ Kc7 47. f3 Ne6 48. Kc3 a5 49. g6 Kb6 50. a4 Kc5 51. axb5 1-0

[Event "International chess holiday K21"]
[Site "?"]
[Date "2018.07.26"]
[Round "8"]
[White "Willockx, Ritsaart"]
[Black "Kalvach, Ladislav"]
[Result "1-0"]
[ECO "B23"]
[WhiteElo "1938"]
[BlackElo "1805"]
[Annotator "Koller,Martin"]
[PlyCount "55"]
[TimeControl "240+2"]

{279MB} 1. e4 c5 2. Nc3 e6 3. f4 Nc6 4. Nf3 a6 5. g3 d5 6. d3 b5 7. Bg2 Nf6 8.
e5 Nd7 9. O-O Be7 10. a4 b4 11. Ne2 O-O 12. h3 f6 13. exf6 Bxf6 14. g4 g6 15.
Ng3 Bb7 16. Re1 Re8 17. Rb1 Qc7 18. Nh1 Rad8 19. Nf2 e5 20. fxe5 Ncxe5 21. Bf4
Nxf3+ 22. Qxf3 Ne5 23. Bxe5 Rxe5 24. Rxe5 Qxe5 25. c3 Rf8 26. d4 cxd4 27. cxd4
Qxd4 28. Qg3 neèitelné 1-0

[Event "International chess holiday K22"]
[Site "?"]
[Date "2018.07.26"]
[Round "8"]
[White "Hadzala, Daniel"]
[Black "Hager, Eberhard"]
[Result "1-0"]
[ECO "A08"]
[WhiteElo "2104"]
[BlackElo "1800"]
[Annotator "Koller,Martin"]
[PlyCount "89"]
[TimeControl "240+2"]

{279MB} 1. Nf3 d5 2. g3 c5 3. Bg2 Nc6 4. O-O Nf6 5. d3 e5 6. Nbd2 Be7 7. e4 d4
8. Nc4 Qc7 9. a4 O-O 10. h3 Be6 11. b3 Nd7 12. Nh2 a6 13. f4 b5 14. Nd2 f6 15.
f5 Bf7 16. g4 bxa4 17. Rxa4 Rfb8 18. h4 Rb4 19. Ra1 a5 20. Ndf3 a4 21. Bd2 Rb7
22. g5 Rba7 23. Rxa4 Rxa4 24. bxa4 Rxa4 25. Rf2 Qa7 26. Bf1 Ra1 27. Qe2 Ra2 28.
Ne1 Nb4 29. Qg4 Be8 30. Rg2 fxg5 31. hxg5 Nxc2 32. Nxc2 Rxc2 33. f6 Bf8 34. Rf2
Qa2 35. Nf3 Kh8 36. Bh3 gxf6 37. gxf6 Qg8 38. Qxg8+ Kxg8 39. Be6+ Kh8 40. f7
Bxf7 41. Bxf7 Bg7 42. Nh4 Bf6 43. Rg2 h6 44. Nf5 c4 45. Rg6 1-0

[Event "International chess holiday K22"]
[Site "?"]
[Date "2018.07.26"]
[Round "8"]
[White "Ekberg, Karl"]
[Black "Suchy, Ladislav"]
[Result "1-0"]
[ECO "D07"]
[WhiteElo "1838"]
[BlackElo "1832"]
[Annotator "Koller,Martin"]
[PlyCount "51"]
[TimeControl "240+2"]

{279MB} 1. d4 Nc6 2. c4 d5 3. Nc3 e6 4. Nf3 Nf6 5. Bg5 Bb4 6. a3 Be7 7. e3 O-O
8. Bd3 dxc4 9. Bxc4 h6 10. Bh4 b6 11. O-O Bb7 12. Qe2 Na5 13. Ba2 Nd5 14. Bxe7
Nxe7 15. Rac1 Rc8 16. Rfd1 Ng6 17. b4 Nc6 18. d5 Nce5 19. Nxe5 Nxe5 20. dxe6
Qg5 21. exf7+ Nxf7 22. f4 Qh4 23. Rd7 Bc6 24. Rxf7 Rxf7 25. Bxf7+ Kxf7 26. Qc4+
1-0

[Event "International chess holiday K22"]
[Site "?"]
[Date "2018.07.26"]
[Round "8"]
[White "Pribyl, Jaroslav"]
[Black "Hammeerman, Christian"]
[Result "0-1"]
[ECO "B06"]
[WhiteElo "1927"]
[BlackElo "1813"]
[Annotator "Koller,Martin"]
[PlyCount "64"]
[TimeControl "240+2"]

{279MB} 1. d4 g6 2. e4 Bg7 3. c3 d6 4. f4 a6 5. Nf3 b5 6. Bd3 c5 7. O-O cxd4 8.
cxd4 Bg4 9. Kh1 Bxd4 10. Bxb5+ axb5 11. Qxd4 Nf6 12. Nc3 Nc6 13. Qd3 b4 14. Nd5
Nd7 15. Nxb4 Nxb4 16. Qc3 O-O 17. Qxb4 Be6 18. a3 Rb8 19. Qe1 Bb3 20. Bd2 Bc4
21. Rf2 Rxb2 22. Qc1 Ra2 23. Rxa2 Bxa2 24. Qc2 Be6 25. f5 gxf5 26. exf5 Bd5 27.
Bh6 Re8 28. Qd2 e6 29. Nd4 Qh4 30. Nf3 Bxf3 31. Rxf3 Kh8 32. fxe6 Rxe6 0-1

[Event "International chess holiday K22"]
[Site "?"]
[Date "2018.07.26"]
[Round "8"]
[White "Sittinger, Lutz"]
[Black "Van Den Eede, Gerrit"]
[Result "1-0"]
[ECO "C55"]
[WhiteElo "1900"]
[BlackElo "1826"]
[Annotator "Koller,Martin"]
[PlyCount "93"]
[TimeControl "240+2"]

{279MB} 1. e4 e5 2. Nf3 Nc6 3. Bc4 Nf6 4. d3 Be7 5. Nc3 d6 6. h3 O-O 7. O-O h6
8. Be3 Kh8 9. a3 Nh7 10. Nd5 f5 11. Nxe7 Qxe7 12. exf5 Bxf5 13. c3 Nf6 14. b4
d5 15. Bc5 Qf7 16. Ba2 Rfe8 17. b5 b6 18. Be3 Na5 19. Re1 Qd7 20. a4 e4 21.
dxe4 Bxe4 22. Bd4 Rf8 23. Bxf6 Bxf3 24. Qxf3 Rxf6 25. Qxd5 Qxd5 26. Bxd5 Rd8
27. Bf3 c6 28. Rad1 Rdf8 29. Re7 cxb5 30. axb5 R6f7 31. Rdd7 Rxe7 32. Rxe7 Rc8
33. Rxa7 g5 34. Ra8 Rxa8 35. Bxa8 Nb3 36. f3 Kg7 37. Kf2 Kf6 38. Bd5 Nc5 39.
Ke3 Ke5 40. c4 Nd7 41. g3 Nf6 42. Bf7 Nd7 43. f4+ gxf4+ 44. gxf4+ Kf5 45. Bd5
Nf6 46. Bc6 Nh5 47. c5 1-0

[Event "International chess holiday K22"]
[Site "?"]
[Date "2018.07.26"]
[Round "8"]
[White "Ruzicka, Vaclav"]
[Black "Plesnivy, Martin"]
[Result "1/2-1/2"]
[ECO "D34"]
[WhiteElo "1609"]
[BlackElo "1716"]
[Annotator "Koller,Martin"]
[PlyCount "77"]
[TimeControl "240+2"]

{279MB} 1. d4 d5 2. Nf3 Nf6 3. g3 e6 4. Bg2 Bd6 5. c4 c5 6. cxd5 exd5 7. O-O
O-O 8. Nc3 Be6 9. Bg5 Nc6 10. dxc5 Bxc5 11. Bxf6 gxf6 12. e3 Qd7 13. Rc1 Be7
14. Nd4 Rac8 15. Nxe6 fxe6 16. Ne2 Ne5 17. Rxc8 Rxc8 18. b3 f5 19. Qd4 Nc6 20.
Qb2 Kf7 21. Nf4 Bf6 22. Qe2 Kg8 23. Rd1 d4 24. Bxc6 Rxc6 25. exd4 Bxd4 26. Kg2
Rd6 27. Qc4 Kf7 28. Nxe6 Qxe6 29. Rxd4 Rxd4 30. Qxd4 Qc6+ 31. f3 Qa6 32. Qd2
Qe6 33. Kf2 b6 34. Qe3 Qc6 35. h4 Qc2+ 36. Qe2 Qc5+ 37. Kg2 b5 38. Qf2 Qe7 39.
Qd2 1/2-1/2

[Event "International chess holiday M21"]
[Site "?"]
[Date "2018.07.27"]
[Round "9"]
[White "Michalek, Frantisek"]
[Black "Vorisek, Jakub"]
[Result "1-0"]
[ECO "B70"]
[WhiteElo "2023"]
[BlackElo "2129"]
[Annotator "Koller,Martin"]
[PlyCount "41"]
[TimeControl "240+2"]

{279MB} 1. e4 c5 2. Nf3 Nc6 3. Nc3 g6 4. d4 cxd4 5. Nxd4 Bg7 6. Nb3 Nf6 7. Be2
O-O 8. O-O d6 9. Bg5 Be6 10. Kh1 Rc8 11. f4 Nd7 12. f5 Bxb3 13. axb3 Nde5 14.
Nd5 h6 15. Be3 b6 16. Qd2 Kh7 17. Rf2 Re8 18. Raf1 e6 19. fxg6+ Kxg6 20. Bh5+
Kxh5 21. Nf4+ 1-0

[Event "International chess holiday M21"]
[Site "?"]
[Date "2018.07.27"]
[Round "9"]
[White "Lokander, Martin"]
[Black "Dudek, Vojtech"]
[Result "1-0"]
[ECO "A57"]
[WhiteElo "2386"]
[BlackElo "1905"]
[Annotator "Koller,Martin"]
[PlyCount "61"]
[TimeControl "240+2"]

{279MB} 1. d4 Nf6 2. c4 c5 3. d5 b5 4. cxb5 a6 5. e3 g6 6. Nc3 Bg7 7. a4 axb5
8. Bxb5 Ba6 9. Bd2 Bxb5 10. axb5 Rxa1 11. Qxa1 O-O 12. Qa7 d6 13. Nf3 Nbd7 14.
O-O Nb6 15. e4 Nfd7 16. b3 Qa8 17. Ra1 Qxa7 18. Rxa7 Ra8 19. Rxa8+ Nxa8 20. Na4
Nc7 21. b6 Na6 22. Ba5 Kf8 23. Nd2 Ke8 24. Nc4 Ne5 25. Nxe5 Bxe5 26. h3 e6 27.
Kf1 f5 28. b7 Kd7 29. dxe6+ Kxe6 30. Bc7 d5 31. Nxc5+ 1-0

[Event "International chess holiday M21"]
[Site "?"]
[Date "2018.07.27"]
[Round "9"]
[White "Hurtak, Otto"]
[Black "Kasparov, Sergey"]
[Result "0-1"]
[ECO "A58"]
[WhiteElo "1958"]
[BlackElo "2449"]
[Annotator "Koller,Martin"]
[PlyCount "114"]
[TimeControl "240+2"]

{279MB} 1. d4 Nf6 2. c4 c5 3. d5 b5 4. cxb5 a6 5. bxa6 g6 6. Nc3 Bg7 7. e4 O-O
8. Bd3 Qa5 9. Nge2 Bxa6 10. O-O d6 11. Rb1 Nbd7 12. b3 Rfb8 13. a4 Bxd3 14.
Qxd3 Ne5 15. Qc2 c4 16. Nd4 cxb3 17. Rxb3 Rc8 18. Bd2 Qc5 19. Ndb5 Nc4 20. Bg5
h6 21. Bf4 g5 22. Bc1 Nd7 23. Kh1 Ncb6 24. Be3 Qc4 25. Rfb1 Bxc3 26. Rxc3 Qxa4 27. Rxc8+ Rxc8 28. Qxa4 Nxa4 29. Nd4 Rc7 30.
Nf5 Kh7 31. Nxe7 Ndc5 32. Nf5 Nxe4 33. f3 Nec3 34. Rc1 Rd7 35. Bd4 Nxd5 36. Rc8
f6 37. g4 Nc5 38. Rf8 Ne6 39. Rxf6 Nxf6 40. Bxf6 Kg6 41. Bc3 d5 42. h4 h5 43.
Kg2 d4 44. Bd2 hxg4 45. fxg4 gxh4 46. Nxh4+ Kf6 47. Kf3 Ke5 48. g5 Rf7+ 49. Ke2
Rb7 50. Nf3+ Ke4 51. g6 Rg7 52. Nh4 d3+ 53. Kf2 Rg8 54. Bc3 Nf4 55. g7 Rxg7 56.
Bd2 Rg4 57. Bxf4 Rxf4+ 0-1